 Dungeon Crawl Stone Soup version 0.30-a0-424-g7412bad402 (webtiles) character file.

Game seed: 11163966856946906992

667 Mitcholas the Shooter (level 7, 0/36 HPs)
             Began as a Spriggan Hunter on Dec 9, 2022.
             Killed by nerve-wracking pain
             ... invoked by Grinder
              (12 damage)
             ... on level 5 of the Dungeon.
             The game lasted 00:16:15 (3514 turns).

Mitcholas the Shooter (Spriggan Hunter)             Turns: 3514, Time: 00:16:16

Health: 0/36       AC:  3    Str:  7    XL:     7   Next: 31%
Magic:  8/8        EV: 20    Int: 11    God:
Gold:   290        SH:  0    Dex: 20    Spells: 6/6 levels left

rFire   + . .      SeeInvis +    b - +0 short sword (speed)
rCold   + . .      Faith    .    (no shield)
rNeg    . . .      Spirit   .    l - +1 animal skin
rPois   +          Reflect  .    (helmet restricted)
rElec   .          Harm     .    e - scarf {rC+ rF+}
rCorr   .          Rampage  .    (gloves unavailable)
Will    +....                    (boots unavailable)
Stlth   +++.......               (no amulet)
HPRegen 0.26/turn                g - ring of poison resistance
MPRegen 0.11/turn                (no ring)

@: very quick
A: very small, no large weapons, unfitting armour, see invisible, speed 3
a: no special abilities


You were on level 5 of the Dungeon.
You visited 1 branch of the dungeon, and saw 5 of its levels.

You collected 290 gold pieces.

Inventory:

Hand Weapons
 a - a +0 shortbow
 b - a +0 short sword of speed (weapon)
Missiles
 s - 4 poisoned darts
Armour
 e - a scarf of resistance (worn)
 l - a +1 animal skin (worn)
Jewellery
 g - a ring of poison resistance (left hand)
Wands
 w - a wand of flame (8)
Scrolls
 d - a scroll of vulnerability {unknown}
 f - a scroll of immolation
 m - a scroll of poison {unknown}
 n - a scroll of blinking {unknown}
 p - a scroll of fog {unknown}
 q - 3 scrolls of identify {unknown}
 r - a scroll of teleportation {unknown}
 t - 2 scrolls of fear {unknown}
 u - a scroll of noise {unknown}
 y - a scroll of acquirement {unknown}
Potions
 c - a potion of invisibility {unknown}
 h - 3 potions of curing {unknown}
 i - 2 potions of flight {unknown}
 j - 2 potions of brilliance {unknown}
 k - a potion of might {unknown}
 o - 2 potions of heal wounds {unknown}
 v - a potion of lignification {unknown}
 x - a potion of resistance {unknown}
 z - a potion of degeneration {unknown}


   Skills:
 + Level 3.1 Fighting
 * Level 6.1 Ranged Weapons
 - Level 2.0 Armour
 + Level 5.0 Dodging
 + Level 5.3 Stealth


You had 6 spell levels left.
You didn't know any spells.
Your spell library contained the following spells:

 Spells                   Type           Power      Damage    Failure   Level
 Dazzling Flash           Conj/Hex       0%         N/A       71%         3
 Iskenderun's Mystic Bla  Conj/Tloc      0%         2d3       98%         4
 Starburst                Conj/Fire      0%         6d3       100%        6


Dungeon Overview and Level Annotations

Branches:
Dungeon (5/15)
 Temple: D:4-7

Altars:

Annotations:
D:5 Dowan, Duvessa, Grinder


Innate Abilities, Weirdness & Mutations

You are very small and have problems with some larger weapons.
You are too small for most types of armour.
You have supernaturally acute eyesight. (SInv)
You cover ground extremely quickly. (Speed+++)


Message History

Press: ? - help, v - describe, . - travel
Here: Grinder (wandering, hasn't noticed you)
The floor.
Okay, then.
You shoot an arrow.
Grinder shouts!
The arrow hits Grinder but does no damage.
You hear an angry hiss.
Grinder completely misses you.
You shoot an arrow.
The arrow hits Grinder but does no damage.
Grinder misses you.
You shoot an arrow. The arrow hits Grinder.
Grinder is lightly wounded.
Grinder gestures at you. You resist with significant effort.
You shoot an arrow.
The arrow hits Grinder but does no damage.
Grinder is lightly wounded.
Grinder completely misses you.
You shoot an arrow. The arrow hits Grinder!
Grinder is moderately wounded.
Grinder hits you.
You writhe in agony.
Grinder blinks!
Your hands tingle!
b - a +0 short sword of speed (weapon)
You hit Grinder but do no damage.
Grinder is moderately wounded.
Grinder gestures at you. Pain shoots through your body!
You completely miss Grinder.
Grinder is moderately wounded.
Grinder gestures at you. Pain shoots through your body!
You closely miss Grinder.
Grinder is moderately wounded.
You barely miss Grinder.
Grinder is moderately wounded.
Grinder gestures at you. Pain shoots through your body!
You die...

#.# #.# ... #.# #.# #..
#.######.####..
#.#........##.##
#.....##.#.##..#
#.....##.#.##..#
#......#.#.##..#
#......#.#.##..#####
#......#.....@...ยงยง..
###.##.###.##5.#####.
#.# .# #.##..... .# #
#.##.##### ..##.#
####.. ###


You could see Grinder.

Vanquished Creatures
  An ogre (D:3)
  A phantom (D:3)
  A necrophage (D:4)
  A howler monkey (D:4)
  2 hounds (D:4)
  Crazy Yiuf (D:2)
  2 orc priests (D:4)
  2 orc wizards (D:4)
  Robin (D:2)
  3 gnolls
  5 adders
  A white imp (D:3)
  A worm (D:3)
  6 dart slugs
  11 orcs
  9 endoplasms
  4 giant cockroaches
  16 goblins
  8 hobgoblins
  7 jackals
  12 kobolds
  4 quokkas
  4 ball pythons
  3 bats
  2 frilled lizards
  4 rats
112 creatures vanquished.

Notes
Turn   | Place    | Note
-------+----------+-------------------------------------------
     0 | D:1      | Mitcholas the Spriggan Hunter began the quest for the Orb.
     0 | D:1      | Reached XP level 1. HP: 10/10 MP: 2/2
    18 | D:1      | Reached XP level 2. HP: 15/15 MP: 3/3
   232 | D:1      | Reached XP level 3. HP: 18/18 MP: 4/4
   607 | D:2      | Noticed Robin
   707 | D:2      | Killed Robin
   747 | D:2      | Reached XP level 4. HP: 23/23 MP: 5/5
   980 | D:2      | Found a runed translucent door.
   981 | D:2      | Noticed Crazy Yiuf
  1427 | D:2      | Killed Crazy Yiuf
  1428 | D:2      | Reached skill level 1 in Armour
  1589 | D:3      | Noticed a phantom
  1796 | D:3      | Noticed an ogre
  1908 | D:3      | Reached XP level 5. HP: 26/26 MP: 6/6
  1978 | D:3      | Killed an ogre
  1979 | D:3      | Reached skill level 5 in Ranged Weapons
  1994 | D:3      | Killed a phantom
  1995 | D:3      | Reached XP level 6. HP: 32/32 MP: 7/7
  2753 | D:4      | Reached XP level 7. HP: 35/35 MP: 8/8
  2796 | D:4      | Reached skill level 5 in Stealth
  2909 | D:4      | Reached skill level 6 in Ranged Weapons
  3047 | D:4      | Identified the +1 robe "Xede" {Rampage Will- MP+9 Str+2}
  3338 | D:5      | Entered Level 5 of the Dungeon
  3338 | D:5      | Noticed Dowan
  3341 | D:5      | Noticed Duvessa
  3426 | D:5      | Reached skill level 5 in Dodging
  3480 | D:5      | Noticed Grinder
  3514 | D:5      | Killed from afar by Grinder

Illustrated notes

Levels and vault maps discovered:
D:1:      minmay_arrival_solitary_statue, layout_basic
D:2:      layout_loops_ring, uniq_crazy_yiuf_cottage, uniq_robin
D:3:      layout_basic, minmay_pentomino_pile
D:4:      layout_loops_cross, kennysheep_generic_room_5
D:5:      cheibrodos_quashed, layout_loops_ring, nzn_hepliaklqana_mist_gate,
          serial_bayou_pond_c, hangedman_decor_lopped, grunt_decor_arrowhead,
          uniq_duvessa, uniq_grinder

Skill      XL: |  1  2  3  4  5  6  7 |
---------------+----------------------+-----
Stealth        | 2 3 4 5 |  5.3
Dodging        | 3 4 5 |  5.0
Fighting       | 2 3 |  3.1
Armour         | 1 2 |  2.0
Ranged Weapons | 5 6 |  6.1

Action                   |  1- 3 |  4- 6 |  7- 9 || total
-------------------------+-------+-------+-------++-------
Melee: Short sword       |       |    23 |    26 ||    49
 Fire: Shortbow          |    96 |   178 |    57 ||   331
 Stab: Sleeping          |       |     1 |       ||     1
Armor: Animal skin       |       |     4 |     1 ||     5
       Robe              |       |     1 |       ||     1
Dodge: Dodged            |    29 |    49 |    20 ||    98

Table legend: (Time is in decaauts)
 A = Elapsed time spent in this place.
 B = Non-inter-level travel time spent in this place.
 C = Inter-level travel time spent in this place.
 D = Time resting spent in this place.
 E = Time spent auto-exploring this place.
 F = Levels seen in this place.
 G = Mean time per level.
                   A        B        C        D        E       F      G
               +--------+--------+--------+--------+--------+-----+--------+
         Total |   2462 |   2299 |    163 |    172 |   1171 |   5 |  492.4 |
       Dungeon |   2462 |   2299 |    163 |    172 |   1171 |   5 |  492.4 |
               +--------+--------+--------+--------+--------+-----+--------+

Top non-repeatable levels by time:
     D:2: 805 daAuts
     D:4: 694 daAuts
     D:3: 499 daAuts
     D:1: 351 daAuts
     D:5: 111 daAuts
